Map: 얼어붙은 사원

Players

llllllllllll (Scarlett)

  • Race: Zerg Zerg
  • League: Grandmaster

Arthur - Winner!

  • Race: Protoss Protoss
  • League: Master

VOD

Have the link to the VOD?

Description

Time

  • Played on: April 14, 2016, 7:06 a.m.
  • Length: 6:36
Show
View Real Time Build Order
Export as new Build Order

llllllllllll Zerg 

Build Orders: Hatch First, Zergling Baneling 

Get SALT Encoding   

  12  0:00  Drone  
  13  0:08  Drone  
  14  0:20  Overlord  
  14  0:22  Extractor  
  14  0:24  Drone  
  15  0:38  Drone x2  
  17  0:53  Hatchery  
  16  0:57  Drone  
  16  0:58  Drone  
  16  1:02  Extractor  
  17  1:16  Spawning Pool  
  17  1:18  Drone  
  17  1:20  Drone  
  18  1:27  Drone  
  19  1:39  Drone  
  20  1:50  Hatchery  
  19  2:04  Drone x2, Metabolic Boost  
  21  2:13  Queen  
  23  2:15  Drone  
  23  2:19  Drone  
  25  2:24  Overlord  
  25  2:37  Drone x3  
  28  2:50  Zergling x4  
  30  2:51  Queen  
  30  2:52  Queen  
  30  2:57  Overlord  
  34  3:04  Queen  
  36  3:13  Drone  
  36  3:14  Drone x2  
  36  3:18  Drone x4  
  43  3:30  Overlord  
  43  3:32  Overlord  
  43  3:37  Overlord  
  43  3:38  Overlord  
  43  3:39  Drone  
  43  3:40  Drone  
  44  3:44  Drone x2  
  46  3:49  Drone  
  47  4:05  Zergling x10  
  47  4:06  Evolution Chamber  
  47  4:07  Baneling Nest  
  50  4:15  Zergling x8  
  50  4:16  Zergling x12  
  60  4:23  Zergling x2  
  61  4:44  Zergling x20  
  69  4:51  Baneling x11  
  69  4:53  Baneling  
  69  4:55  Zergling x14  
  76  5:01  Zergling x2  
  76  5:05  Zergling x2  
  70  5:22  Zergling x24  
  70  5:23  Baneling x3  
  81  5:33  Zergling x6  
  71  5:43  Drone  
  71  5:44  Drone x2  
  74  5:53  Drone x2  
  74  5:56  Drone  
  77  5:57  Drone  
  77  6:05  Drone x2  
  77  6:09  Roach Warren  
  77  6:10  Extractor  
  77  6:11  Extractor  
  76  6:13  Drone  
  77  6:20  Drone x5  
  77  6:23  Spore Crawler  
  77  6:24  Spore Crawler  
  77  6:25  Spore Crawler  
  78  6:32  Extractor  
Show
View Real Time Build Order
Export as new Build Order

Arthur Protoss - Winner!

Build Orders: 1 Gate Expand 

Get SALT Encoding   

  12  0:01  Probe (Chrono Boost)  
  13  0:11  Probe (Chrono Boost)  
  14  0:21  Pylon  
  14  0:22  Probe (Chrono Boost)  
  15  0:39  Probe (Chrono Boost)  
  16  0:46  Gateway  
  16  0:49  Probe (Chrono Boost)  
  17  0:50  Assimilator  
  17  1:00  Probe (Chrono Boost)  
  18  1:10  Probe (Chrono Boost)  
  19  1:21  Probe (Chrono Boost)  
  20  1:28  Nexus  
  20  1:38  Cybernetics Core  
  20  1:39  Probe (Chrono Boost)  
  21  1:44  Assimilator  
  21  1:49  Probe (Chrono Boost)  
  22  1:58  Pylon  
  22  2:00  Probe (Chrono Boost)  
  23  2:15  Warp Gate  
  23  2:16  Probe, Stalker (Chrono Boost)  
  26  2:29  Probe (Chrono Boost)  
  27  2:36  Pylon  
  27  2:40  Probe (Chrono Boost)  
  27  2:41  Probe (Chrono Boost)  
  29  2:50  Probe (Chrono Boost)  
  32  2:52  Mothership Core (Chrono Boost)  
  32  2:56  Robotics Facility  
  32  3:01  Probe (Chrono Boost)  
  33  3:07  Adept  
  33  3:10  Probe (Chrono Boost)  
  33  3:12  Probe (Chrono Boost)  
  37  3:20  Probe (Chrono Boost)  
  37  3:22  Probe (Chrono Boost)  
  39  3:31  Probe (Chrono Boost)  
  39  3:33  Probe (Chrono Boost)  
  41  3:41  Probe (Chrono Boost)  
  41  3:42  Probe (Chrono Boost)  
  41  3:44  Immortal (Chrono Boost)  
  41  3:45  Pylon  
  47  3:51  Gateway  
  47  3:52  Probe, Gateway  
  47  3:53  Probe  
  49  4:03  Assimilator  
  49  4:05  Probe  
  49  4:07  Probe  
  51  4:14  Pylon  
  51  4:17  Probe  
  51  4:18  Immortal (Chrono Boost)  
  56  4:25  Adept  
  56  4:30  Probe  
  56  4:50  Gateway, Sentry  
  56  4:51  Gateway  
  62  4:53  Gateway, Immortal (Chrono Boost)  
  62  4:54  Sentry x2  
  62  4:58  Gateway x2  
  66  5:05  Pylon  
  66  5:08  Pylon  
  66  5:11  Pylon  
  66  5:18  Sentry x2  
  68  5:26  Pylon  
  68  5:36  Sentry  
  70  5:45  Pylon  
  70  5:47  Warp Prism (Chrono Boost)  
  72  5:51  Pylon  
  72  5:53  Adept x3  
  72  5:54  Probe, Adept x4  
  87  6:00  Assimilator  
  87  6:05  Adept  
  88  6:16  Probe  
  88  6:17  Probe  
  90  6:23  Pylon  
  88  6:36  Adept x3  
Tags
 
Add a new tag
Caveats
  • Supply blocks, unpowered buildings, or Contaminate may cause inaccurate times.
  • Supply counts are checked every 10 seconds.